 Dungeon Crawl Stone Soup version 0.28.0 (webtiles) character file.

Game seed: 9336445040764419942

49 hikkokomori the Digger (level 3, -9/21 HPs)
             Began as a Gargoyle Earth Elementalist on Feb 15, 2022.
             Killed by divine providence
             ... invoked by an orc priest
              (15 damage)
             ... on level 3 of the Dungeon.
             The game lasted 00:05:49 (2115 turns).

hikkokomori the Digger (GrEE)                       Turns: 2115, Time: 00:05:50

Health: -9/21      AC:  5    Str: 13    XL:     3   Next: 77%
Magic:  0/6        EV: 11    Int: 15    God:
Gold:   114        SH:  0    Dex: 10    Spells: 5/6 levels left

rFire   . . .      SeeInvis .   k - +3 dagger (protect)
rCold   . . .      Faith    .   (no shield)
rNeg    + + .      Spirit   .   b - +0 robe
rPois   ∞          Reflect  .   (no helmet)
rElec   +          Harm     .   (no cloak)
rCorr   .          Rampage  .   (no gloves)
Will    .....                   (no boots)
Stlth   ++........              (no amulet)
HPRegen 0.07/turn               n - ring of positive energy
MPRegen 0.10/turn               (no ring)

@: very slightly contaminated
A: sickness immunity, AC +3, negative energy resistance 1, electricity
resistance, torment resistance 1, petrification resistance
a: no special abilities


You were on level 3 of the Dungeon.
You visited 1 branch of the dungeon, and saw 3 of its levels.

You collected 114 gold pieces.

Inventory:

Hand Weapons
 g - a +0 dagger
 k - a +3 dagger of protection (weapon)
 l - a +2 dagger of flaming
Missiles
 c - 40 stones
Armour
 a - an orb of mayhem
 b - a +0 robe (worn)
Jewellery
 n - a ring of positive energy (left hand)
Scrolls
 e - a scroll of identify {unknown}
 f - a scroll of magic mapping {unknown}
 h - a scroll of silence {unknown}
 i - a scroll of fog {unknown}
 m - 2 scrolls of blinking {unknown}
 o - a scroll of brand weapon {unknown}
 q - a scroll of enchant weapon {unknown}
Potions
 d - 2 potions of might {unknown}
 j - a potion of degeneration {unknown}
 p - a potion of attraction {unknown}


   Skills:
 + Level 1.6 Fighting
 - Level 1.5 Dodging
 + Level 3.0 Stealth
 - Level 2.0 Spellcasting
 + Level 1.4 Transmutations
 + Level 4.1 Earth Magic


You had 5 spell levels left.
You knew the following spells:

 Your Spells              Type           Power      Damage    Failure   Level
a - Sandblast             Erth           28%        2d8       4%          1

Your spell library contained the following spells:

 Spells                   Type           Power      Damage    Failure   Level
 Passwall                 Tmut/Erth      7%         N/A       11%         2
 Stone Arrow              Conj/Erth      14%        3d7       28%         3
 Summon Guardian Golem    Hex/Summ       1%         N/A       54%         3
 Petrify                  Tmut/Erth      9%         N/A       56%         4
 Orb of Destruction       Conj           0%         9d5       100%        7
 Spellforged Servitor     Conj/Summ      0%         N/A       100%        7


Dungeon Overview and Level Annotations

Branches:
Dungeon (3/15)

Altars:


Innate Abilities, Weirdness & Mutations

You are immune to sickness and miasma.
Your stone body is resilient. (AC +3)
You are immune to poison.
You resist negative energy. (rN+)
You are resistant to electric shocks. (rElec)
You are resistant to unholy torment.
You are immune to petrification.


Message History

You miscast Sandblast.
You are very lightly contaminated with residual magic.
Nothing appears to happen.
The orc priest hits you with a +0 flail of protection.
Casting: Sandblast (safe; 4% risk of failure)
Confirm with . or Enter, or press ? or * to list all spells.
Aiming: Sandblast (safe; 4% risk of failure)
Press: ? - help, Shift-Dir - straight line, f/p - orc priest
Aim: an orc priest, wielding a +0 flail of protection (79% to hit)
The blast of sand misses the orc priest.
The orc priest hits you with a +0 flail of protection.
Unknown command.
Casting: Sandblast (safe; 4% risk of failure)
Confirm with . or Enter, or press ? or * to list all spells.
Aiming: Sandblast (safe; 4% risk of failure)
Press: ? - help, Shift-Dir - straight line, f/p - orc priest
Aim: an orc priest, wielding a +0 flail of protection (79% to hit)
The blast of sand hits the orc priest but does no damage.
The orc hits you but does no damage. The orc priest barely misses you.
Unknown command.
Casting: Sandblast (safe; 4% risk of failure)
Confirm with . or Enter, or press ? or * to list all spells.
Aiming: Sandblast (safe; 4% risk of failure)
Press: ? - help, Shift-Dir - straight line, f/p - orc priest
Aim: an orc priest, wielding a +0 flail of protection (79% to hit)
The blast of sand hits the orc priest but does no damage.
The orc hits you with a +0 short sword. The orc hits you but does no damage.
The orc priest hits you with a +0 flail of protection.
* * * LOW HITPOINT WARNING * * *
Casting: Sandblast (safe; 4% risk of failure)
Confirm with . or Enter, or press ? or * to list all spells.
Aiming: Sandblast (safe; 4% risk of failure)
Press: ? - help, Shift-Dir - straight line, f/p - orc priest
Aim: an orc priest, wielding a +0 flail of protection (79% to hit)
The blast of sand misses the orc priest.
The orc barely misses you.
The orc priest calls down the wrath of Beogh upon you.
Beogh smites you!
Ouch! That really hurt!
You die...

..# #.# #.# #.#
#.# ... #.# #.#
... #.####.#
#......#####
...........#
.#..######.#######
.#...............#
.#.#######.#####@#
.#.# #.....ooo.#
.#.# #######.#.#
...# #.#... .###
#.# .## #.# .# #.#
# #<.


You could see an orc priest and 2 orcs.

Vanquished Creatures
  An adder (D:2)
  A worm (D:2)
  2 dart slugs
  A bat skeleton (D:2)
  A bat zombie (D:2)
  2 endoplasms (D:1)
  2 giant cockroaches
  5 goblins
  A quokka (D:2)
  2 ball pythons
  A ball python zombie (D:2)
  A bat (D:2)
  3 frilled lizards
  8 kobolds
  A quokka skeleton (D:2)
  2 rats
34 creatures vanquished.

Notes
Turn   | Place    | Note
-------+----------+-------------------------------------------
     0 | D:1      | hikkokomori the Gargoyle Earth Elementalist began the quest
                  | for the Orb.
     0 | D:1      | Reached XP level 1. HP: 10/10 MP: 3/3
   555 | D:1      | Reached skill level 1 in Transmutations
   556 | D:1      | Reached XP level 2. HP: 12/16 MP: 0/5
   624 | D:1      | Found a faded altar of an unknown god.
  1177 | D:1      | Reached skill level 1 in Fighting
  1419 | D:2      | Reached skill level 4 in Earth Magic
  1478 | D:2      | Reached XP level 3. HP: 18/20 MP: 6/6
  2115 | D:3      | Killed from afar by an orc priest

Illustrated notes

Levels and vault maps discovered:
D:1:      lemuel_arrival_room, layout_basic, chequers_ecumenical_altar_island
D:2:      layout_rooms, serial_undead, serial_undead_f, serial_undead_a,
          serial_undead_b, serial_undead_a
D:3:      layout_loops_ring, chei_slow_surprise, mainiacjoe_overflow_boulevard,
          minmay_misc_feat_roman

Skill      XL: |  1  2  3 |
---------------+----------+-----
Transmutations | 1 |  1.4
Fighting       | 1 |  1.6
Earth Magic    | 4 |  4.1
Stealth        | 3 |  3.0
Dodging        | |  1.5
Spellcasting   | |  2.0

Action                   || total
-------------------------++-------
Melee: Dagger            ||    70
       Unarmed           ||     7
 Cast: Sandblast         ||    33
 Stab: Sleeping          ||     2
Armor: Robe              ||    28
Dodge: Dodged            ||    45
